 Dungeon Crawl Stone Soup version 0.27-a0-34-gc18c9092ac (webtiles) character file.

Game seed: 9982822504680648492

715 kae the Changer (level 7, -6/60 HPs)
             Began as a Pale Draconian Transmuter on Jan 4, 2021.
             Killed from afar by an orc wizard (8 damage)
             ... with a puff of frost
             ... on level 5 of the Dungeon.
             The game lasted 00:04:40 (4739 turns).

kae the Changer (Pale Draconian Transmuter)         Turns: 4739, Time: 00:04:41

Health: -6/60      AC:  2    Str: 15    XL:     7   Next: 41%
Magic:  7/10       EV: 19    Int: 13    God:
Gold:   244        SH:  0    Dex: 16    Spells: 6/10 levels left

rFire    + . .     SeeInvis .     - Unarmed
rCold    . . .     Faith    .   (shield currently unavailable)
rNeg     + . .     Spirit   .   (armour unavailable)
rPois    x         Reflect  .   (helmet currently unavailable)
rElec    .         Harm     .   (cloak currently unavailable)
rCorr    .         Rampage  .   (gloves currently unavailable)
Will     .....                  (boots currently unavailable)
Stlth    +.........             (no amulet)
HPRegen  0.20/turn              m - ring of protection from fire
MPRegen  0.12/turn              l - ring of positive energy

@: spider-form (expiring)
A: tiny, (breathe steam), unfitting armour, AC +6
a: End Transformation


You were on level 5 of the Dungeon.
You were a venomous arachnid creature.
You visited 1 branch of the dungeon, and saw 6 of its levels.

You collected 244 gold pieces.

Inventory:

Hand Weapons
 c - a +0 short sword
 e - a +2 whip of venom (melded)
Armour
 k - a scarf of repulsion (melded)
Jewellery
 g - an uncursed ring of ice
 h - an uncursed ring of ice
 l - a ring of positive energy (right front leg)
 m - a ring of protection from fire (left front leg)
 r - an uncursed ring of protection from cold
Scrolls
 a - a scroll of magic mapping
 d - 3 scrolls of remove curse
 j - a scroll of amnesia
Potions
 b - a potion of might
 f - 2 potions of degeneration
 i - a potion of flight
 n - a potion of cancellation
 o - a potion of brilliance {unknown}
 p - a potion of magic {unknown}
 q - a potion of berserk rage


   Skills:
 + Level 4.4 Fighting
 - Level 1.7 Dodging
 + Level 5.1 Unarmed Combat
 - Level 2.0 Spellcasting
 * Level 6.0 Transmutations


You had 6 spell levels left.
You knew the following spells:

 Your Spells              Type           Power        Failure   Level
a - Beastly Appendage     Tmut           34%          8%          1
b - Spider Form           Tmut/Pois      4%           43%         3

Your spell library contained the following spells:

 Spells                   Type           Power        Failure   Level
 Wereblood                Tmut           17%          11%         2
 Blade Hands              Tmut           8%           71%         5
 Ice Form                 Ice/Tmut       9%           78%         4


Dungeon Overview and Level Annotations

Branches:
Dungeon (6/15)             Temple (0/1) D:5

Altars:
Uskayaw


Innate Abilities, Weirdness & Mutations

((You can breathe blasts of scalding, opaque steam.))
((Your pale cyan-grey scales are hard. (AC +6)))
You cannot fit into any form of body armour.
((You are cold-blooded and may be slowed by cold attacks.))


Message History

The scorpion closely misses you. The orc completely misses you.
Okay, then.
You bite the scorpion!
The scorpion looks as sick as possible!
The scorpion is almost dead.
You kill the scorpion!
Something barely misses you. The orc closely misses you. Something hits you.
* * * LOW HITPOINT WARNING * * *
Your Transmutations skill increases to level 6!
It was a potion of curing.
You feel better. Something misses you. The orc hits you but does no damage.
You hit something. Something hits you.
* * * LOW HITPOINT WARNING * * *
The orc hits you from afar with a +0 trident!
* * * LOW HITPOINT WARNING * * *
Okay, then.
Your transformation is almost over.
You hear some strange, mumbled words.
A puff of frost appears from out of thin air!
The puff of frost hits you!
You die...

#.####.# #..##..#
#......# #..##..#
######># #......#
##+## #.# #.###.##
##...## #.###.###.#
##.....## #.........#
##.......##
###.#.#####
#.........####....#
+.....{.s.'.......##
#.##.##o##..####.....#
.........#(## ##.##.#
./....†)...# ####.#
..⌠...⌠..#.# #.#
.........#.# #.#
....>......# #.#
.........### #.#
..⌠...⌠..# #.#


You could see an orc.

Vanquished Creatures
  2 ogres
  A wyvern skeleton (D:6)
  3 scorpions
  An orc priest (D:5)
  An orc wizard (D:6)
  A centaur skeleton (D:5)
  Terence (D:3)
  2 worker ants
  3 gnolls (D:2)
  3 adders (D:2)
  2 white imps
  3 oozes
  4 worms
  3 leopard geckos
  11 orcs
  13 bats
  2 giant cockroaches
  8 goblins
  8 hobgoblins
  4 jackals (D:6)
  9 kobolds
  A quokka (D:6)
  A frilled lizard (D:3)
  2 leopard gecko skeletons (D:4)
  8 rats
97 creatures vanquished.

Vanquished Creatures (others)
  A plant (D:5)
1 creature vanquished.

Grand Total: 98 creatures vanquished

Notes
Turn   | Place    | Note
-------+----------+-------------------------------------------
     0 | D:1      | kae the Draconian Transmuter began the quest for the Orb.
     0 | D:1      | Reached XP level 1. HP: 16/16 MP: 3/3
   136 | D:1      | Reached XP level 2. HP: 23/23 MP: 3/5
  1045 | D:2      | Reached XP level 3. HP: 29/29 MP: 4/6
  1049 | D:2      | Learned a level 3 spell: Spider Form
  1295 | D:2      | Reached skill level 3 in Transmutations
  1594 | D:2      | Reached XP level 4. HP: 34/36 MP: 5/7
  2868 | D:3      | Reached XP level 5. HP: 42/42 MP: 8/8
  2874 | D:3      | Found a hide-covered altar of Uskayaw.
  2874 | D:3      | Noticed Terence
  2887 | D:3      | Killed Terence
  2888 | D:3      | Reached skill level 4 in Transmutations
  3516 | D:4      | Noticed an ogre
  3527 | D:4      | Killed an ogre
  3528 | D:4      | Reached XP level 6. HP: 32/51 MP: 9/9
  4029 | D:4      | You fall into a shaft and drop 2 floors!
  4125 | D:6      | Reached skill level 5 in Transmutations
  4355 | D:6      | Your scales start taking on a pale cyan-grey colour.
  4355 | D:6      | Reached XP level 7. HP: 22/59 MP: 8/10
  4636 | D:5      | Entered Level 5 of the Dungeon
  4704 | D:5      | Found a staircase to the Ecumenical Temple.
  4723 | D:5      | Reached skill level 5 in Unarmed Combat
  4736 | D:5      | Reached skill level 6 in Transmutations
  4738 | D:5      | HP: 2/60 [orc/+0 trident (10)]
  4739 | D:5      | Killed from afar by an orc wizard

Illustrated notes

Levels and vault maps discovered:
D:1:      roderic_crossed_star, layout_loops_ring, minmay_misc_feat_diagonals
D:2:      layout_basic
D:3:      layout_basic, eat_drink_and_be_merry_uskayaw, st_stairs_3,
          uniq_terence
D:4:      layout_basic, kennysheep_mini, kennysheep_pointless_box
D:5:      layout_loops_corners, nemelex_xobeh_ov_fountains_minmay,
          minmay_temple_entry_large_hall, minmay_holes,
          guppyfry_early_lair_pool, uniq_ijyb
D:6:      layout_loops_cross, serial_shops, shop, st_stairs_3

Skill      XL: |  1  2  3  4  5  6  7 |
---------------+----------------------+-----
Transmutations | 3 4 5 6 |  6.0
Fighting       | 2 3 4 |  4.4
Unarmed Combat | 4 5 |  5.1
Dodging        | |  1.7
Spellcasting   | |  2.0

Action                   |  1- 3 |  4- 6 |  7- 9 || total
-------------------------+-------+-------+-------++-------
Melee: Unarmed           |    65 |    16 |    13 ||    94
       Tailslap          |    10 |    10 |       ||    20
       Kick              |    15 |    25 |     1 ||    41
       Headbutt          |     5 |    12 |     1 ||    18
       Punch             |     2 |       |       ||     2
       Short sword       |     6 |       |       ||     6
       Whip              |    31 |   137 |    11 ||   179
 Cast: Beastly Appendage |    24 |    28 |     1 ||    53
       Spider Form       |       |     1 |     2 ||     3
  Use: Scroll            |       |    12 |       ||    12
       Potion            |       |     3 |     1 ||     4
 Stab: Sleeping          |       |     1 |       ||     1
Armor: Skin              |    44 |    69 |    14 ||   127
Dodge: Dodged            |    82 |    97 |    30 ||   209
       Repelled          |       |     1 |     1 ||     2

Table legend: (Time is in decaauts)
 A = Elapsed time spent in this place.
 B = Non-inter-level travel time spent in this place.
 C = Inter-level travel time spent in this place.
 D = Time resting spent in this place.
 E = Time spent auto-exploring this place.
 F = Levels seen in this place.
 G = Mean time per level.
                   A        B        C        D        E       F      G
               +--------+--------+--------+--------+--------+-----+--------+
         Total |   4748 |   4651 |     97 |    716 |   3161 |   6 |  791.3 |
       Dungeon |   4748 |   4651 |     97 |    716 |   3161 |   6 |  791.3 |
               +--------+--------+--------+--------+--------+-----+--------+

Top non-repeatable levels by time:
     D:1: 1320 daAuts
     D:2: 1203 daAuts
     D:3: 989 daAuts
     D:6: 607 daAuts
     D:4: 523 daAuts
     D:5: 102 daAuts
